 Dungeon Crawl Stone Soup version 0.29-a0-8-g0446c0dae4 (webtiles) character file.

Game seed: 12696600510386346833

24893 HallandMoats the Victor of a Thousand Battles (level 13, -1/114 HPs)
             Began as a Ghoul Monk on Jan 27, 2022.
             Was the Champion of Okawaru.
             Slain by a four-headed hydra (12 damage)
             ... on level 3 of the Lair of Beasts.
             The game lasted 00:31:33 (21294 turns).

HallandMoats (GhMo)                                Turns: 21294, Time: 00:31:34

Health: -1/114     AC: 25    Str: 23    XL:     13   Next: 16%
Magic:  20/20      EV: 11    Int:  5    God:    Okawaru [******]
Gold:   193        SH:  6    Dex: 17    Spells: 12/12 levels left

rFire   . . .      SeeInvis .   b - +6 mace of Risk Management {venom, rC+ Str+5}
rCold   + + .      Faith    +   e - +0 buckler
rNeg    + + +      Spirit   .   I - +1 chain mail "Coodul" {Dex+4}
rPois   ∞          Reflect  .   (no helmet)
rElec   +          Harm     .   k - scarf {shadows}
rCorr   .          Rampage  .   s - +2 pair of gloves
Will    .....                   F - +5 pair of boots of Dim Light {rElec rPois}
Stlth   ..........              p - amulet of faith
HPRegen 0.00/turn               i - ring of flight
MPRegen 0.17/turn               w - +4 ring of protection

@: flying, inhibited regen
A: claws 1, cold resistance 1, negative energy resistance 3, inhibited
regeneration, torment resistance 2
a: Renounce Religion, Heroism, Finesse, Duel


You were on level 3 of the Lair of Beasts.
You worshipped Okawaru.
Okawaru was exalted by your worship.
You visited 2 branches of the dungeon, and saw 15 of its levels.
You also visited: Sewer and Ossuary.

You collected 753 gold pieces.
You spent 560 gold pieces at shops.

Inventory:

Hand Weapons
 a - the +8 flail of Exoneration {drain, rElec Str-3 SInv Stlth+}
   (You found it on level 6 of the Dungeon)

   A truly terrible weapon, it drains the life of any living foe it strikes.
   Str:       It affects your strength (-3).
   rElec:     It insulates you from electricity.
   SInv:      It lets you see invisible.
   Stlth:     It makes you more stealthy.
 b - the +6 mace of Risk Management (weapon) {venom, rC+ Str+5}
   (You found it on level 4 of the Dungeon)

   It poisons the flesh of those it strikes.
   Str:       It affects your strength (+5).
   rC:        It protects you from cold.
Missiles
 n - 3 throwing nets (quivered)
Armour
 e - a +0 buckler (worn)
 k - a scarf of shadows (worn)
 s - a +2 pair of gloves (worn)
 u - the +3 hat of Pondering {ponderous, Will+ MP+10 Int+5}
   (You took it off Gastronok on level 1 of the Lair of Beasts)

   Int:       It affects your intelligence (+5).
   MP:        It affects your magic capacity (+10).
   Will:      It increases your willpower.
 F - the +5 pair of boots of Dim Light (worn) {rElec rPois}
   (Okawaru gifted it to you on level 9 of the Dungeon)

   rElec:     It insulates you from electricity.
   rPois:     It protects you from poison.
 I - the +1 chain mail "Coodul" (worn) {Dex+4}
   (Okawaru gifted it to you on level 2 of the Lair of Beasts)

   Dex:       It affects your dexterity (+4).
Jewellery
 i - a ring of flight (left hand)
 p - an amulet of faith (around neck)
 w - a +4 ring of protection (right hand)
 G - a ring of wizardry
Wands
 y - a wand of polymorph (8)
 z - a wand of mindburst (13)
 C - a wand of acid (3)
 D - a wand of flame (6)
 E - a wand of paralysis (9)
Scrolls
 g - 5 scrolls of immolation
 q - a scroll of amnesia
 r - 3 scrolls of teleportation
 v - 3 scrolls of blinking
 x - a scroll of enchant armour
 A - 2 scrolls of identify
 H - a scroll of fear
Potions
 c - 2 potions of might {unknown}
 d - 2 potions of cancellation {unknown}
 h - 6 potions of curing
 j - 3 potions of haste {unknown}
 l - a potion of heal wounds
 m - a potion of magic {unknown}
 o - 6 potions of degeneration {unknown}
 t - a potion of flight {unknown}
 B - 3 potions of brilliance {unknown}


   Skills:
 * Level 10.5 Fighting
 + Level 7.1 Armour
 + Level 7.7 Dodging
 - Level 2.1 Stealth
 - Level 8.5 Shields
 * Level 10.4 Unarmed Combat
 * Level 11.7 Invocations


You had 12 spell levels left.
You didn't know any spells.
Your spell library contained the following spells:

 Spells                   Type           Power      Damage    Failure   Level
 Slow                     Hex            0%         N/A       99%         1
 Sting                    Tmut/Pois      0%         1d3       99%         1
 Corpse Rot               Necr/Air       0%         N/A       100%        2
 Ensorcelled Hibernation  Hex/Ice        0%         N/A       100%        2
 Passwall                 Tmut/Erth      0%         N/A       100%        2
 Poisonous Vapours        Pois/Air       0%         N/A       100%        2
 Confusing Touch          Hex            0%         N/A       100%        3
 Ignite Poison            Fire/Tmut/Pois 0%         N/A       100%        3
 Mephitic Cloud           Conj/Pois/Air  0%         N/A       100%        3
 Swiftness                Air            0%         N/A       100%        3
 Vampiric Draining        Necr           0%         2d6       100%        3
 Anguish                  Hex/Necr       0%         N/A       100%        4
 Dispel Undead            Necr           0%         3d6       100%        4
 Olgreb's Toxic Radiance  Pois           0%         N/A       100%        4
 Freezing Cloud           Conj/Ice/Air   0%         6-21      100%        5
 Enfeeble                 Hex            0%         N/A       100%        7
 Sublimation of Blood     Necr           Unusable   N/A       N/A         2
 Wereblood                Tmut           Unusable   N/A       N/A         2
 Tukima's Dance           Hex            Unusable   N/A       N/A         3
 Death Channel            Necr           Unusable   N/A       N/A         6
 Summon Hydra             Summ           Unusable   N/A       N/A         7

Dungeon Overview and Level Annotations

Branches:
Dungeon (12/15)            Temple (0/1) D:6            Lair (3/6) D:10
    Orc (0/2) D:11          Sewer (visited)         Ossuary (visited)
  Swamp: Lair:2-4    Shoals: Lair:2-4     Snake: Lair:2-4    Spider: Lair:2-4

Altars:
Cheibriados
Dithmenos
Okawaru
Ru
Zin

Shops:
D:11 [=*!(

Annotations:
D:11 3 runed translucent doors, Shayle's ghost, journeyman DjWr


Innate Abilities, Weirdness & Mutations

You thrive by killing the living.
You are immune to poison.
You have sharp fingernails.
Your flesh is cold resistant. (rC+)
You are immune to negative energy. (rN+++)
You do not regenerate when monsters are visible.
You are immune to unholy pain and torment.


Message History

The yak gores you!
* * * LOW HITPOINT WARNING * * *
The four-headed hydra closely misses you.
The four-headed hydra bites you but does no damage.
The four-headed hydra bites you!
* * * LOW HITPOINT WARNING * * *
The four-headed hydra bites you!
* * * LOW HITPOINT WARNING * * *
You barely miss the four-headed hydra. The yak misses you.
The four-headed hydra bites you.
* * * LOW HITPOINT WARNING * * *
The four-headed hydra bites you but does no damage. x3
The yak gores you but does no damage.
You feel better.
The four-headed hydra bites you but does no damage.
The four-headed hydra barely misses you.
The four-headed hydra bites you!
* * * LOW HITPOINT WARNING * * *
You block the four-headed hydra's attack.
The yak gores you but does no damage.
You feel better.
The four-headed hydra bites you but does no damage. x4
The yak gores you but does no damage.
Unknown command.
You sock the four-headed hydra!
The four-headed hydra is lightly wounded.
The four-headed hydra bites you.
* * * LOW HITPOINT WARNING * * *
The four-headed hydra barely misses you. x2
The four-headed hydra bites you but does no damage.
You block the yak's attack.
The four-headed hydra bites you but does no damage.
The four-headed hydra bites you!
* * * LOW HITPOINT WARNING * * *
The four-headed hydra bites you but does no damage.
You block the four-headed hydra's attack.
The four-headed hydra closely misses you.
The four-headed hydra bites you but does no damage. x2
The four-headed hydra bites you!
You die...

#....# ##.....# ##....#
##....## #.....# #P....#
##....# ######....######
##....####P.###.......P..
...................†.....
.........................
................YD.......
...[............@......[.
#.#.##P#.#.#P.#.###P#P##P
################# ####


You could see a four-headed hydra (poisoned) and a yak (poisoned).

Vanquished Creatures
  Gastronok (Lair:1)
  Harold (Lair:1)
  A hydra (D:10)
  A centaur warrior (D:10)
  A two-headed ogre (D:11)
  Sonja (Lair:1)
  5 elephants
  2 black mambas (Lair:2)
  A gargoyle (D:11)
  An unseen horror (D:10)
  3 rime drakes
  4 komodo dragons
  3 trolls
  5 blink frogs (Lair:3)
  A shadow (D:9)
  36 yaks
  3 wyverns
  2 wraiths (D:10)
  2 basilisks
  3 steam dragons
  3 vampire mosquitoes (D:12)
  Edmund (D:6)
  2 acid dragons
  Duvessa (D:6)
  5 water moccasins
  9 orc warriors
  A black bear (Lair:1)
  3 sky beasts (D:6)
  2 ogres
  2 necrophages
  3 centaurs
  3 phantoms
  An elf zombie (Ossuary)
  7 bullfrogs
  2 kobold brigands
  4 scorpions
  Dowan (D:6)
  12 killer bees
  14 wights
  3 howler monkeys (D:10)
  A bullfrog zombie (D:5)
  A jelly (D:7)
  7 centaur zombies
  3 bullfrog skeletons
  7 orc priests
  A hound (D:6)
  A human zombie (Ossuary)
  2 iguanas
  Terence (D:2)
  A scorpion zombie (D:5)
  Natasha (twice) (D:3)
  9 orc wizards
  5 mummies
  Robin (D:3)
  6 gnolls
  4 adders
  A river rat (D:3)
  A white imp (D:8)
  3 adder zombies
  A worm (D:3)
  A dart slug (D:1)
  31 orcs
  14 ball pythons
  14 endoplasms
  14 giant cockroaches
  19 goblins
  13 hobgoblins
  2 jackals (D:1)
  9 quokkas
  4 bats
  12 frilled lizards
  A goblin zombie (Ossuary)
  2 jackal zombies (Ossuary)
  17 kobolds
  4 kobold zombies (Ossuary)
  An orc zombie (Ossuary)
  6 rats
378 creatures vanquished.

Vanquished Creatures (others)
  10 fungi
  17 plants
27 creatures vanquished.

Grand Total: 405 creatures vanquished

Notes
Turn   | Place    | Note
-------+----------+-------------------------------------------
     0 | D:1      | HallandMoats the Ghoul Monk began the quest for the Orb.
     0 | D:1      | Reached XP level 1. HP: 19/19 MP: 0/0
   242 | D:1      | Reached XP level 2. HP: 26/26 MP: 1/1
   632 | D:1      | Reached XP level 3. HP: 33/33 MP: 2/2
  1565 | D:2      | Noticed Terence
  2316 | D:2      | Identified the +4 leather armour "Dank" {rElec}
  2437 | D:2      | Reached skill level 1 in Armour
  2602 | D:2      | Killed Terence
  2603 | D:2      | Reached XP level 4. HP: 15/40 MP: 3/3
  3049 | D:3      | Reached skill level 1 in Shields
  3312 | D:3      | Found a glowing drain.
  3316 | Sewer    | Entered a sewer
  3368 | Sewer    | Reached XP level 5. HP: 35/46 MP: 4/4
  3457 | Sewer    | Reached skill level 1 in Invocations
  3748 | Sewer    | Reached XP level 6. HP: 41/53 MP: 4/6
  3943 | D:3      | Noticed Natasha
  3950 | D:3      | Killed Natasha
  4000 | D:3      | Reached skill level 2 in Invocations
  4190 | D:3      | Noticed Natasha
  4198 | D:3      | Killed Natasha
  4214 | D:3      | Noticed Robin
  4233 | D:3      | Killed Robin
  4380 | D:4      | Identified the +6 mace of Risk Management {venom, rC+
                  | Str+5}
  4506 | D:4      | Noticed a steam dragon
  4511 | D:4      | Reached XP level 7. HP: 60/60 MP: 7/7
  4628 | D:4      | Killed a steam dragon
  4812 | D:4      | Found an iron altar of Okawaru.
  4971 | D:4      | Became a worshipper of Warmaster Okawaru
  4971 | D:4      | Reached * piety under Okawaru
  4971 | D:4      | Reached ** piety under Okawaru
  5385 | D:4      | Reached skill level 5 in Fighting
  5803 | D:5      | Entered Level 5 of the Dungeon
  5810 | D:5      | Reached skill level 3 in Invocations
  5812 | D:5      | Found a sand-covered staircase.
  5821 | Ossuary  | Entered an ossuary
  6177 | Ossuary  | Reached skill level 5 in Unarmed Combat
  6177 | Ossuary  | Reached XP level 8. HP: 68/68 MP: 9/9
  6503 | D:5      | Reached skill level 4 in Invocations
  7432 | D:6      | Found a sacrificial altar of Ru.
  7437 | D:6      | Reached *** piety under Okawaru
  7522 | D:6      | Identified the +5 dagger of a volcano {vorpal, Fragile
                  | rPois rF+++ Str+2}
  7538 | D:6      | Identified the +8 flail of Exoneration {drain, rElec Str-3
                  | SInv Stlth+}
  7560 | D:6      | Reached skill level 5 in Invocations
  7560 | D:6      | Reached XP level 9. HP: 75/75 MP: 11/11
  7760 | D:6      | Reached skill level 5 in Shields
  7892 | D:6      | Noticed Duvessa
  7892 | D:6      | Noticed Dowan
  7903 | D:6      | Killed Duvessa
  7905 | D:6      | Killed Dowan
  8241 | D:6      | Found a staircase to the Ecumenical Temple.
  8391 | D:6      | Noticed Edmund
  8402 | D:6      | Killed Edmund
  8579 | D:7      | Reached skill level 6 in Invocations
  8627 | D:7      | Received a gift from Okawaru
  8630 | D:7      | Reached skill level 5 in Dodging
  8701 | D:7      | Reached **** piety under Okawaru
  9550 | D:8      | Reached XP level 10. HP: 76/84 MP: 14/14
  9564 | D:8      | Reached skill level 7 in Invocations
  9821 | D:8      | Reached ***** piety under Okawaru
 10870 | D:9      | Identified the +5 pair of boots of Dim Light {rElec rPois}
                  | (Okawaru gifted it to you on level 9 of the Dungeon)
 10870 | D:9      | Received a gift from Okawaru
 11578 | D:9      | Reached skill level 8 in Invocations
 12032 | D:10     | Entered Level 10 of the Dungeon
 12054 | D:10     | Reached skill level 5 in Armour
 12411 | D:10     | Found a staircase to the Lair.
 12681 | D:10     | Reached XP level 11. HP: 92/92 MP: 16/16
 12977 | D:10     | Found a shadowy altar of Dithmenos.
 13508 | D:10     | Reached skill level 9 in Invocations
 13942 | D:10     | Received a gift from Okawaru
 14056 | D:10     | Noticed a centaur warrior
 14056 | D:10     | Noticed an eight-headed hydra
 14069 | D:10     | Killed a centaur warrior
 14073 | D:10     | Killed an eight-headed hydra
 14542 | D:11     | Found Keathr Busi's Jewellery Shop.
 14597 | D:11     | Bought an amulet of faith for 560 gold pieces
 14623 | D:11     | Found Uplizici's Armour Boutique.
 14870 | D:11     | Found a staircase to the Orcish Mines.
 14899 | D:11     | Found a snail-covered altar of Cheibriados.
 14957 | D:11     | Found a runed translucent gate.
 14957 | D:11     | Found a runed translucent gate.
 14958 | D:11     | Found a runed translucent gate.
 14966 | D:11     | Noticed Shayle's ghost (journeyman DjWr)
 15016 | D:11     | Found Zirch's Antique Weapon Boutique.
 15047 | D:11     | Found Obus Lyu's Distillery.
 15061 | D:11     | Noticed a two-headed ogre
 15101 | D:11     | Killed a two-headed ogre
 15102 | D:11     | Reached XP level 12. HP: 39/103 MP: 18/18
 15384 | D:11     | Reached skill level 10 in Invocations
 15965 | D:11     | Found Ecraach's Assorted Antiques.
 16228 | Lair:1   | Entered Level 1 of the Lair of Beasts
 16356 | Lair:1   | Noticed Gastronok
 16417 | Lair:1   | Killed Gastronok
 16966 | Lair:1   | Identified the +3 hand crossbow "Qeduhec" {vorpal, Will+}
                  | (Okawaru gifted it to you on level 1 of the Lair of Beasts)
 16966 | Lair:1   | Received a gift from Okawaru
 17271 | Lair:1   | Noticed Harold
 17290 | Lair:1   | Killed Harold
 17523 | Lair:1   | Noticed Sonja
 17531 | Lair:1   | Killed Sonja
 17727 | Lair:1   | Reached skill level 11 in Invocations
 18576 | Lair:2   | Reached ****** piety under Okawaru
 18771 | Lair:2   | Received a gift from Okawaru
 18870 | Lair:2   | Reached skill level 10 in Fighting
 19696 | Lair:3   | Noticed a six-headed hydra
 20238 | Lair:2   | Reached skill level 10 in Unarmed Combat
 20408 | Lair:2   | Identified the +1 chain mail "Coodul" {Dex+4} (Okawaru
                  | gifted it to you on level 2 of the Lair of Beasts)
 20408 | Lair:2   | Received a gift from Okawaru
 20409 | Lair:2   | Reached XP level 13. HP: 95/113 MP: 20/20
 21294 | Lair:3   | Slain by a four-headed hydra

Illustrated notes

Levels and vault maps discovered:
D:1:      lightli_molten_gateway, layout_basic, minivault_26,
          minmay_misc_feat_x, minivault_23
D:2:      layout_loops_ring, uniq_terence
D:3:      layout_basic, gup_sewer_entry_bowl, chequers_serial_rivers_micro_c,
          uniq_robin, uniq_natasha
D:4:      layout_gridville, lemuel_tele_altar, minmay_misc_feat_alley,
          minmay_misc_feat_doors, hangedman_abyss_or_decor_passed
D:5:      layout_basic, nicolae_ossuary_entry_ruins, minmay_misc_feat_enclosed,
          serial_bayou_pond_c
D:6:      layout_basic, mainiacjoe_overflow_cross_hatched,
          minmay_temple_entry_fiery, uniq_duvessa, uniq_edmund
D:7:      layout_loops_ring
D:8:      layout_loops_cross, zin_scriptorium
D:9:      layout_basic, due_unseen_surprise
D:10:     kennysheep_windowed_halls, layout_cave_pools,
          overflow_temple_1_default, lair_entry_dummy
D:11:     layout_irregular_city, david_orc_3, serial_shops,
          nicolae_stop_n_shop_1, shop, shop, shop, shop,
          ebering_ghost_rock_garden, slow_altar_1
D:12:     layout_loops_cross, uniq_psyche, uniq_snorg, uniq_erolcha
Lair:1:   layout_regular_city, uniq_sonja, uniq_gastronok, uniq_harold
Lair:2:   layout_hall_layers
Lair:3:   layout_long_grid, nicolae_swamp_entry_splash_gauntlet,
          lemuel_fruit_tree

Skill      XL: |  1  2  3  4  5  6  7  8  9 10 11 12 13 |
---------------+----------------------------------------+-----
Dodging        | 3 4 5 6 7 |  7.7
Armour         | 1 2 3 4 5 6 7 |  7.1
Fighting       | 4 5 6 7 8 10 | 10.5
Shields        | 1 2 3 4 6 7 8 |  8.5
Unarmed Combat | 4 5 6 7 8 10 | 10.4
Invocations    | 1 2 3 5 6 8 9 11 | 11.7
Stealth        | |  2.1

Action                   |  1- 3 |  4- 6 |  7- 9 | 10-12 | 13-15 || total
-------------------------+-------+-------+-------+-------+-------++-------
Melee: Unarmed           |   133 |   142 |       |       |       ||   275
       Dagger            |     2 |       |       |       |       ||     2
       War axe           |       |    60 |       |       |       ||    60
       Mace              |       |     8 |   338 |   640 |    81 ||  1067
       Flail             |       |       |     2 |   160 |       ||   162
Invok: Heroism           |       |       |       |     4 |     1 ||     5
       Finesse           |       |       |       |       |     1 ||     1
Evoke: Wand              |       |       |       |     3 |       ||     3
  Use: Scroll            |     3 |       |     6 |     9 |       ||    18
       Potion            |       |       |       |     2 |     6 ||     8
 Stab: Sleeping          |     5 |     3 |     2 |     8 |       ||    18
       Distracted        |       |       |     1 |       |       ||     1
Armor: Robe              |     4 |       |       |       |       ||     4
       Ring mail         |    54 |       |       |       |       ||    54
       Leather armour    |    14 |    81 |   179 |   605 |       ||   879
       Chain mail        |       |       |       |       |    93 ||    93
Dodge: Dodged            |    86 |   111 |   260 |   760 |    81 ||  1298
Block: Buckler           |    18 |    35 |    93 |   335 |    54 ||   535

Table legend: (Time is in decaauts)
 A = Elapsed time spent in this place.
 B = Non-inter-level travel time spent in this place.
 C = Inter-level travel time spent in this place.
 D = Time resting spent in this place.
 E = Time spent auto-exploring this place.
 F = Levels seen in this place.
 G = Mean time per level.
                   A        B        C        D        E       F      G
               +--------+--------+--------+--------+--------+-----+--------+
         Total |  22044 |  21547 |    497 |   3267 |  13913 |  17 | 1296.7 |
       Dungeon |  15694 |  15239 |    455 |   2102 |  10184 |  12 | 1307.8 |
          Lair |   5338 |   5296 |     42 |   1057 |   3192 |   3 | 1779.3 |
         Sewer |    518 |    518 |      0 |      0 |    308 |   1 |  518.0 |
       Ossuary |    493 |    493 |      0 |    108 |    229 |   1 |  493.0 |
               +--------+--------+--------+--------+--------+-----+--------+

Top non-repeatable levels by time:
  Lair:1: 2374 daAuts
     D:1: 2159 daAuts
    D:10: 1991 daAuts
  Lair:2: 1815 daAuts
    D:11: 1812 daAuts
     D:9: 1493 daAuts
     D:4: 1423 daAuts
     D:8: 1387 daAuts
     D:6: 1303 daAuts
     D:7: 1244 daAuts
  Lair:3: 1148 daAuts
     D:5: 1053 daAuts
     D:3: 884 daAuts
     D:2: 881 daAuts
   Sewer: 518 daAuts
